 Dungeon Crawl Stone Soup version 0.32-a0-42-ga30500b4d3 (webtiles) character file.

Game seed: 12793593540144822199

320 arvidsem the Chopper (level 6, -2/55 HPs)
             Began as a Minotaur Fighter on Jan 26, 2024.
             Was a Follower of Qazlal.
             Slain by a goblin
             ... wielding a +0 club
             ... led by Robin
              (5 damage)
             ... on level 3 of the Dungeon.
             The game lasted 00:05:46 (1779 turns).

arvidsem the Chopper (Minotaur Fighter)             Turns: 1779, Time: 00:05:47

Health: -2/55      AC: 11    Str: 22    XL:     6   Next: 22%
Magic:  5/5        EV:  6    Int:  5    God:    Qazlal [*.....]
Gold:   167        SH:  6    Dex: 10    Spells: 5/5 levels left

rFire   + . .        a - +1 war axe
rCold   . . .        c - +0 buckler
rNeg    . . .        j - +3 plate armour {rF+}
rPois   .            (helmet restricted)
rElec   .            (no cloak)
rCorr   .            (no gloves)
SInv    .            h - +1 pair of boots
Will    .....        (no amulet) Stlth
                     (no ring)
HPRegen 0.00/turn    (no ring)
MPRegen 0.09/turn

%: no passive effects
@: corroded, inhibited regen
A: horns 2, retaliatory headbutt, iridescent scales 1, inhibited regeneration,
subdued magic 1
a: Renounce Religion


You were on level 3 of the Dungeon.
You worshipped Qazlal.
Qazlal was aware of your devotion.
You visited 1 branch of the dungeon, and saw 4 of its levels.

You collected 167 gold pieces.

Inventory:

Hand Weapons
 a - a +1 war axe (weapon)
Armour
 c - a +0 buckler (worn)
 g - a +1 plate armour of cold resistance
 h - a +1 pair of boots (worn)
 j - a +3 plate armour of fire resistance (worn)
Jewellery
 b - a ring of ice
 k - an amulet of magic regeneration
Scrolls
 e - a scroll of blinking
 i - a scroll of teleportation
 l - a scroll of identify
Potions
 d - a potion of might
 f - a potion of brilliance


   Skills:
 + Level 4.9 Fighting
 * Level 5.4 Axes
 + Level 4.9 Armour
 + Level 4.9 Shields


You had 5 spell levels left.
You didn't know any spells.
Your spell library was empty.

Dungeon Overview and Level Annotations

Branches:
Dungeon (4/15)
 Temple: D:4-7

Altars:
Elyvilon
Okawaru
Qazlal
Xom

Shops:
D:2 ?

Annotations:
D:3 Eustachio
D:4 Robin


Innate Abilities, Weirdness & Mutations

You have a pair of horns on your head.
You reflexively headbutt those who attack you in melee.
You are partially covered in iridescent scales. (AC +2)
You do not regenerate when monsters are visible.
Your spells are a little easier to cast, but a little less powerful.


Message History

The hobgoblins go into a battle-frenzy!
You block Eustachio's attack. The goblin hits you but does no damage.
You hit Eustachio but do no damage. Your headbutt misses Eustachio.
Eustachio is heavily wounded.
You miss the goblin. You barely miss the white imp.
The white imp hits you but does no damage.
Eustachio hits you with a +0 rapier. The goblin hits you but does no damage.
A goblin comes into view. It is wielding a +0 club.
The white imp hits you. The white imp freezes you.
* * * LOW HITPOINT WARNING * * *
Eustachio asks, "How can you live without manners, virtues and honour?"
You block the goblin's attack. The shadow imp hits you.
* * * LOW HITPOINT WARNING * * *
You block the goblin's attack.
A goblin comes into view. It is wielding a +0 club.
The shadow imp hits you.
* * * LOW HITPOINT WARNING * * *
You block the goblin's attack. Eustachio attacks as he pursues you!
You block Eustachio's attack.
There is a stone staircase leading up here.
You block the shadow imp's attack. You block the goblin's attack.
Eustachio hits you with a +0 rapier.
* * * LOW HITPOINT WARNING * * *
You climb upwards.
The white imp disappears in a puff of smoke!
The shadow imp disappears in a puff of smoke!
There is a stone staircase leading down here.
You hit Eustachio.
Eustachio is severely wounded.
You barely miss the goblin. Eustachio hits you with a +0 rapier!
* * * LOW HITPOINT WARNING * * *
The goblin barely misses you. You furiously retaliate!
You headbutt the goblin, but do no damage.
Unknown command.
You barely miss Eustachio. You headbutt Eustachio!
Eustachio is almost dead.
You hit the goblin but do no damage.
Eustachio casts a spell.
The goblin hits you with a +0 club.
You die...

##......##
#..#.......
#.......###....#.....
#............###.....
##...[......## #....>
##...#.....# #.....
#.........####.....
###b...............
#.@(b..............
##@g....<..........
##.#.....##..#....
#.#........##....
##..........)....#
#................#
#...##.#.........#
#......#.........#
#......#.........#
#......###########


You could see Eustachio, a goblin (strong) and 2 bats.

Vanquished Creatures
  A black bear (D:4)
  A bombardier beetle (D:3)
  A jelly (D:4)
  An iguana (D:4)
  4 gnolls (D:3)
  4 adders
  5 orcs (D:3)
  5 bats
  4 endoplasms
  2 giant cockroaches (D:2)
  6 goblins
  4 hobgoblins
  4 jackals (D:1)
  4 quokkas
  8 ball pythons
  3 frilled lizards
  3 kobolds
  8 rats
68 creatures vanquished.

Notes
Turn   | Place    | Note
-------+----------+-------------------------------------------
     0 | D:1      | arvidsem the Minotaur Fighter began the quest for the Orb.
     0 | D:1      | Reached XP level 1. HP: 19/19 MP: 0/0
   159 | D:1      | Reached XP level 2. HP: 27/27 MP: 1/1
   164 | D:1      | Reached skill level 3 in Axes
   295 | D:1      | Reached XP level 3. HP: 33/33 MP: 2/2
   581 | D:2      | Found a faded altar of an unknown god.
   750 | D:2      | Found The Oracle's Delphic Readings.
   826 | D:2      | Found a shimmering altar of Xom.
   903 | D:2      | Gained mutation: You do not regenerate when monsters are
                  | visible. [potion of mutation]
   903 | D:2      | Gained mutation: Your spells are a little easier to cast,
                  | but a little less powerful. [potion of mutation]
   903 | D:2      | Gained mutation: You are partially covered in iridescent
                  | scales. (AC +2) [potion of mutation]
  1252 | D:3      | Found an iron altar of Okawaru.
  1336 | D:3      | Found a stormy altar of Qazlal.
  1342 | D:3      | Became a worshipper of Qazlal Stormbringer
  1357 | D:3      | Reached skill level 4 in Axes
  1357 | D:3      | Reached XP level 4. HP: 37/40 MP: 3/3
  1539 | D:3      | Reached XP level 5. HP: 35/47 MP: 4/4
  1730 | D:4      | Noticed Eustachio
  1731 | D:4      | Found a white marble altar of Elyvilon.
  1739 | D:4      | Noticed a black bear
  1748 | D:4      | Killed a black bear
  1749 | D:4      | Reached skill level 5 in Axes
  1749 | D:4      | Reached XP level 6. HP: 13/55 MP: 5/5
  1755 | D:4      | Reached * piety under Qazlal
  1764 | D:4      | Noticed Robin
  1779 | D:3      | Slain by a goblin

Illustrated notes

Levels and vault maps discovered:
D:1:      tarquinn_simple_flora_water_b, layout_rooms
D:2:      layout_loops_ring, basic_altar, shapermc_ecumenical_altar_mp_vishouse,
          nicolae_nh_oracle_at_delphi
D:3:      layout_rooms, mainiacjoe_overflow_catch_the_wave, minmay_checkerbox
D:4:      wad_pebble_path, layout_rooms, elyvilon_altar_4, bloody_makhleb,
          enter_ossuary_4, uniq_natasha, uniq_blork_the_orc, uniq_eustachio,
          uniq_robin

Skill      XL: |  1  2  3  4  5 |
---------------+----------------+-----
Axes           | 3 4 5 |  5.4
Fighting       | 4 |  4.9
Armour         | 4 |  4.9
Shields        | 4 |  4.9

Action                     |  1- 3 |  4- 6 || total
---------------------------+-------+-------++-------
  Melee: War axe           |    86 |    62 ||   148
         Headbutt          |     5 |    13 ||    18
    Use: Scroll            |     6 |       ||     6
         Potion            |     7 |     2 ||     9
 Armour: Scale mail        |    24 |       ||    24
         Plate armour      |    42 |    85 ||   127
  Dodge: Dodged            |    57 |    24 ||    81
  Block: Buckler           |    27 |    28 ||    55

Table legend: (Time is in decaauts)
 A = Elapsed time spent in this place.
 B = Non-inter-level travel time spent in this place.
 C = Inter-level travel time spent in this place.
 D = Time resting spent in this place.
 E = Time spent auto-exploring this place.
 F = Levels seen in this place.
 G = Mean time per level.
                   A        B        C        D        E       F      G
               +--------+--------+--------+--------+--------+-----+--------+
         Total |   1816 |   1781 |     35 |    100 |   1247 |   4 |  454.0 |
       Dungeon |   1816 |   1781 |     35 |    100 |   1247 |   4 |  454.0 |
               +--------+--------+--------+--------+--------+-----+--------+

Top non-repeatable levels by time:
     D:2: 631 daAuts
     D:3: 577 daAuts
     D:1: 538 daAuts
     D:4: 69 daAuts
